 Dungeon Crawl Stone Soup version 0.18-a0-952-g309898a (webtiles) character file.

120 Duffy the Slasher (level 4, -2/29 HPs)
             Began as a High Elf Gladiator on Dec 31, 2015.
             Slain by Duffy's ghost (4 damage)
             ... on level 3 of the Dungeon.
             The game lasted 00:02:00 (2384 turns).

Duffy the Slasher (High Elf Gladiator)              Turns: 2384, Time: 00:02:00

Health: -2/29      AC:  8    Str: 15    XL:     4   Next: 75%
Magic:  5/5        EV: 15    Int: 12    God:
Gold:   121        SH:  0    Dex: 15    Spells: 0 memorised, 3 levels left

rFire  . . .     SeeInvis .     a - +0 long sword
rCold  . . .     Gourm    .     g - +0 ring mail
rNeg   . . .     Faith    .     (no shield)
rPois  .         Spirit   .     c - +0 helmet
rElec  .         Dismiss  .     h - +1 cloak
rCorr  .         Reflect  .     (no gloves)
SustAt .         Harm     .     (no boots)
MR     .....                    (no amulet)
Stlth  +.........               (no ring)
                                q - +3 ring of evasion

@: not resistant to hostile enchantments, very unstealthy
A: no striking features
a: no special abilities


You were on level 3 of the Dungeon.
You were hungry.

You visited 1 branch of the dungeon, and saw 3 of its levels.

You collected 121 gold pieces.


   Skills:
 - Level 2.0 Fighting
 + Level 6.7 Long Blades
 - Level 2.0 Throwing
 - Level 3.2 Dodging


You had 3 spell levels left.
You didn't know any spells.

Inventory:

Hand Weapons
 a - a +0 long sword (weapon)
Missiles
 d - 3 throwing nets (quivered)
 m - 30 poisoned needles
Armour
 b - a +0 leather armour
 c - a +0 helmet (worn)
 g - a +0 ring mail (worn)
 h - a +1 cloak (worn)
 k - a +0 chain mail
Jewellery
 q - a +3 ring of evasion (left hand)
Scrolls
 e - 2 scrolls of identify {unknown}
 n - 2 scrolls of fog
 p - a scroll of amnesia {unknown}
Potions
 i - a potion of might {unknown}
 l - 3 potions of curing {unknown}
 o - a potion of ambrosia {unknown}
 r - a potion of poison {unknown}
Comestibles
 f - a bread ration
 j - a meat ration

Dungeon Overview and Level Annotations

Branches:
Dungeon (3/15)

Altars:
Elyvilon

Annotations:
D:3 Duffy's ghost, weakling HEGl


Message History

You are too injured to fight recklessly!
You hit Duffy's ghost but do no damage.
Duffy's ghost is almost destroyed.
Duffy's ghost closely misses you.
You closely miss Duffy's ghost.
Duffy's ghost is almost destroyed.
Duffy's ghost closely misses you.
You barely miss Duffy's ghost.
Duffy's ghost is almost destroyed.
Duffy's ghost barely misses you. Duffy's ghost hits you.
You closely miss Duffy's ghost.
Duffy's ghost is almost destroyed.
Duffy's ghost misses you.
You closely miss Duffy's ghost.
Duffy's ghost is almost destroyed.
Duffy's ghost closely misses you.
You hit Duffy's ghost but do no damage.
Duffy's ghost is almost destroyed.
Duffy's ghost completely misses you.
Your ring mail prevents you from hitting Duffy's ghost.
Duffy's ghost is almost destroyed.
Duffy's ghost closely misses you.
You closely miss Duffy's ghost.
Duffy's ghost is almost destroyed.
Duffy's ghost completely misses you.
You barely miss Duffy's ghost.
Duffy's ghost is almost destroyed.
Duffy's ghost barely misses you.
You hit Duffy's ghost.
Duffy's ghost is almost destroyed.
Duffy's ghost hits you.
You hit Duffy's ghost.
Duffy's ghost is almost destroyed.
Duffy's ghost hits you.
You die...

#### #....
#.....#########
#......@W......
......#########
#.... ####


You could see Duffy's ghost.

Action                   |  1- 3 |  4- 6 || total
-------------------------+-------+-------++-------
Melee: Long sword        |   113 |    49 ||   162
  Use: Scroll            |     1 |       ||     1
  Eat: Chunk             |     2 |     2 ||     4

Notes
Turn   | Place    | Note
--------------------------------------------------------------
     0 | D:1      | Duffy the High Elf Gladiator began the quest for the Orb.
     0 | D:1      | Reached XP level 1. HP: 14/14 MP: 2/2
   180 | D:1      | Reached skill level 4 in Long Blades
   561 | D:2      | Reached XP level 2. HP: 14/19 MP: 3/3
   686 | D:2      | Reached skill level 5 in Long Blades
   728 | D:2      | Reached XP level 3. HP: 1/24 MP: 4/4
  1142 | D:2      | Found a white marble altar of Elyvilon.
  1695 | D:2      | Reached XP level 4. HP: 29/29 MP: 5/5
  1746 | D:2      | Noticed Natasha
  1755 | D:2      | Killed Natasha
  1755 | D:2      | Reached skill level 6 in Long Blades
  1989 | D:3      | Noticed Duffy's ghost (weakling HEGl)
  2060 | D:2      | Noticed Natasha
  2072 | D:2      | Killed Natasha
  2384 | D:3      | Slain by Duffy's ghost

Vault maps used:
D:1:      minmay_arrival_five_plusses, minmay_misc_feat_doors
D:2:      st_stairs_9, fountainhead, elyvilon_altar_1, uniq_natasha
D:3:      lightli_temple_of_fire, nicolae_ru_path_of_blood,
          kennysheep_generic_room_6

Vanquished Creatures
  Natasha (twice)
  4 adders
  A worm
  A giant gecko
  2 bats
  3 giant cockroaches
  8 hobgoblins
  2 kobolds
  A quokka
  A giant newt
  5 goblins
  2 rats
32 creatures vanquished.
